 Dungeon Crawl Stone Soup version 0.29-a0-330-g52719c12eb (webtiles) character file.

Game seed: 7092045731047030486

214 dolemite99 the Digger (level 5, 0/31 HPs)
             Began as a Demonspawn Earth Elementalist on Apr 12, 2022.
             Was a Follower of Hepliaklqana.
             Succumbed to a scorpion's poison
             ... on level 3 of the Dungeon.
             The game lasted 00:03:41 (5349 turns).

dolemite99 the Digger (DsEE)                        Turns: 5349, Time: 00:03:42

Health: 0/31       AC:  2    Str:  9    XL:     5   Next: 60%
Magic:  6/8        EV: 12    Int: 18    God:    Hepliaklqana [*.....]
Gold:   97         SH:  0    Dex: 13    Spells: 4/8 levels left

rFire   . . .      SeeInvis .   f - +0 whip
rCold   . . .      Faith    .   (no shield)
rNeg    . . .      Spirit   .   b - +0 robe
rPois   .          Reflect  .   (helmet restricted)
rElec   .          Harm     .   (no cloak)
rCorr   .          Rampage  .   (no gloves)
Will    .....      Clarity  +   (no boots)
Stlth   ++........              (no amulet)
HPRegen 0.10/turn               (no ring)
MPRegen 0.11/turn               (no ring)

@: lethally poisoned (0 -> -4), attractive, flying
A: reduced essence, hooves 1, horns 1, weakness stinger 1, clarity, sense
surroundings 1, wild magic 1
a: Renounce Religion, Recall Ancestor, Ancestor Identity


You were on level 3 of the Dungeon.
You worshipped Hepliaklqana.
Hepliaklqana was aware of your devotion.
You visited 1 branch of the dungeon, and saw 3 of its levels.

You collected 97 gold pieces.

Inventory:

Hand Weapons
 f - a +0 whip (weapon)
 i - a +0 dagger
 o - a +0 hunting sling
Missiles
 g - 9 poisoned darts
Armour
 b - a +0 robe (worn)
Wands
 t - a wand of iceblast (8)
Scrolls
 a - a scroll of fear {unknown}
 d - a scroll of blinking {unknown}
 e - a scroll of amnesia {unknown}
 h - a scroll of vulnerability {unknown}
 l - a scroll of identify {unknown}
 m - a scroll of fog {unknown}
 q - a scroll of enchant weapon {unknown}
 s - a scroll of teleportation {unknown}
Potions
 k - a potion of flight
 p - a potion of mutation
 r - a potion of heal wounds {unknown}


   Skills:
 - Level 1.7 Dodging
 - Level 1.7 Stealth
 - Level 2.0 Spellcasting
 + Level 3.8 Conjurations
 - Level 0.8 Transmutations
 - Level 4.4 Earth Magic


You had 4 spell levels left.
You knew the following spells:

 Your Spells              Type           Power      Damage    Failure   Level
a - Stone Arrow           Conj/Erth      42%        3d9       14%         3
b - Sandblast             Erth           46%        2d11      5%          1

Your spell library contained the following spells:

 Spells                   Type           Power      Damage    Failure   Level
 Passwall                 Tmut/Erth      11%        N/A       14%         2
 Ensorcelled Hibernation  Hex/Ice        4%         N/A       34%         2
 Sublimation of Blood     Necr           2%         N/A       34%         2
 Spider Form              Tmut/Pois      4%         N/A       50%         3
 Petrify                  Tmut/Erth      14%        N/A       61%         4
 Anguish                  Hex/Necr       1%         N/A       91%         4
 Irradiate                Conj/Tmut      6%         3d15      92%         5


Dungeon Overview and Level Annotations

Branches:
Dungeon (3/15)

Altars:
Hepliaklqana
Xom


Innate Abilities, Weirdness & Mutations

Your life essence is reduced to manifest your ancestor. (-10% HP)
You have large cloven feet.
You have a pair of small horns on your head.
You have a small tail.
You possess an exceptional clarity of mind.
You passively map a small area around you.
Your spells are a little harder to cast, but a little more powerful.


Message History

Cuetlachtli hits the scorpion but does no damage.
The scorpion stings you.
You are lethally poisoned!
The scorpion poisons you! Magic courses through your body.
* * * LOW HITPOINT WARNING * * *
You feel very sick.
Cuetlachtli hits the scorpion but does no damage.
The scorpion stings you.
* * * LOW HITPOINT WARNING * * *
Casting: Stone Arrow (quite dangerous; 12% risk of failure)
Confirm with . or Enter, or press ? or * to list all spells.
The spell is quite dangerous to miscast (12% risk of failure)!
Continue anyway? [Y]es or [N]o only, please.
The spell is quite dangerous to miscast (12% risk of failure)!
Continue anyway?
Okay, then.
Casting: Stone Arrow (quite dangerous; 12% risk of failure)
Confirm with . or Enter, or press ? or * to list all spells.
The spell is quite dangerous to miscast (12% risk of failure)!
Continue anyway?
Aiming: Stone Arrow (quite dangerous; 12% risk of failure)
Press: ? - help, Shift-Dir - straight line, f/p - scorpion
Aim: a scorpion (moderately wounded, ally target, 68% to hit)
The stone arrow hits the scorpion!!
You kill the scorpion!
* * * LOW HITPOINT WARNING * * *
You feel sick.
It was a potion of flight.
You feel very buoyant.
You fly up into the air.
* * * LOW HITPOINT WARNING * * *
You feel sick.
It was a potion of mutation.
You feel extremely strange.
You feel less in control of your magic.
You feel a strange attunement to the structure of the dungeons.
Your thoughts seem clearer.
* * * LOW HITPOINT WARNING * * *
You feel sick.
It was a potion of attraction.
You feel attractive to monsters.
You die...

* * , #<####.##.#### ,
,..........>.......#. * *
#####...................
, ...#................. *
* #.#...............# , *
#.............##).# .
#..............<.#...
.####..............).....
+ ,
.......R@................
,
#####...................
, , #..##.#.#.....#.....
* #..##...............
##.##...#...........
#.##..........<....
#.##...#.#......... ###
#.##.....#.#.#.#.#.
...#.#....#.#.#.......


You could see the friendly Cuetlachtli the ancestor.

Vanquished Creatures
  A scorpion (D:3)
  An adder (D:2)
  2 gnolls (D:1)
  3 worms (D:2)
  2 dart slugs
  3 orcs
  6 endoplasms
  3 giant cockroaches (D:1)
  7 goblins
  6 hobgoblins
  8 jackals (D:1)
  7 kobolds
  3 quokkas
  8 ball pythons
  3 bats
  8 frilled lizards
  5 rats
76 creatures vanquished.

Vanquished Creatures (collateral kills)
  An orc priest (D:3)
  An orc (D:3)
  An endoplasm (D:3)
3 creatures vanquished.

Grand Total: 79 creatures vanquished

Notes
Turn   | Place    | Note
-------+----------+-------------------------------------------
     0 | D:1      | dolemite99 the Demonspawn Earth Elementalist began the
                  | quest for the Orb.
     0 | D:1      | Reached XP level 1. HP: 13/13 MP: 3/3
   408 | D:1      | Reached skill level 3 in Earth Magic
   659 | D:1      | Discovered your monstrous ancestry.
   659 | D:1      | Gained mutation: You have large cloven feet. [demonic
                  | ancestry]
   659 | D:1      | Reached XP level 2. HP: 19/19 MP: 1/5
  1414 | D:1      | Reached skill level 4 in Earth Magic
  1414 | D:1      | Reached XP level 3. HP: 3/24 MP: 0/6
  2888 | D:1      | Learned a level 3 spell: Stone Arrow
  3249 | D:2      | Gained mutation: You have a pair of small horns on your
                  | head. [demonic ancestry]
  3249 | D:2      | Reached XP level 4. HP: 23/30 MP: 7/7
  3674 | D:2      | Reached skill level 1 in Conjurations
  3780 | D:2      | Found a faded altar of an unknown god.
  3789 | D:2      | Prayed at the altar of an unknown god.
  3789 | D:2      | Became a worshipper of Hepliaklqana the Forgotten
  3789 | D:2      | Reached * piety under Hepliaklqana
  4299 | D:2      | Found a shimmering altar of Xom.
  5083 | D:3      | Gained mutation: You have a small tail. [demonic ancestry]
  5083 | D:3      | Reached XP level 5. HP: 7/31 MP: 3/8
  5348 | D:3      | Gained mutation: Your spells are a little harder to cast,
                  | but a little more powerful. [potion of mutation]
  5348 | D:3      | Gained mutation: You passively map a small area around you.
                  | [potion of mutation]
  5348 | D:3      | Gained mutation: You possess an exceptional clarity of
                  | mind. [potion of mutation]
  5348 | D:3      | HP: 1/31 [poisoned by a scorpion]
  5349 | D:3      | Succumbed to a scorpion's poison

Illustrated notes

Levels and vault maps discovered:
D:1:      scummos_arrival_checkerplants, layout_basic, minmay_pentomino_u4
D:2:      layout_loops_ring, basic_ecumenical_altar, basic_altar, moated_statue,
          kennysheep_boxes
D:3:      layout_basic

Skill      XL: |  1  2  3  4 |
---------------+-------------+-----
Earth Magic    | 3 4 |  4.4
Conjurations   | 3 |  3.8
Dodging        | |  1.7
Stealth        | |  1.7
Spellcasting   | |  2.0
Transmutations | |  0.8

Action                   |  1- 3 |  4- 6 || total
-------------------------+-------+-------++-------
Melee: Whip              |    49 |     2 ||    51
       Kick              |    14 |       ||    14
 Cast: Sandblast         |    54 |    51 ||   105
       Stone Arrow       |       |     2 ||     2
  Use: Potion            |       |     4 ||     4
Armor: Robe              |    10 |     5 ||    15
Dodge: Dodged            |    59 |    16 ||    75

Table legend: (Time is in decaauts)
 A = Elapsed time spent in this place.
 B = Non-inter-level travel time spent in this place.
 C = Inter-level travel time spent in this place.
 D = Time resting spent in this place.
 E = Time spent auto-exploring this place.
 F = Levels seen in this place.
 G = Mean time per level.
                   A        B        C        D        E       F      G
               +--------+--------+--------+--------+--------+-----+--------+
         Total |   5380 |   5291 |     89 |   2900 |   1824 |   3 | 1793.3 |
       Dungeon |   5380 |   5291 |     89 |   2900 |   1824 |   3 | 1793.3 |
               +--------+--------+--------+--------+--------+-----+--------+

Top non-repeatable levels by time:
     D:1: 2936 daAuts
     D:2: 1895 daAuts
     D:3: 548 daAuts
